Map: Oxide LE

Players

Saevitium - Winner!

  • Race: Terran Terran
  • League: Diamond
  • Spawn Location: 1:00

Massa

  • Race: Terran Terran
  • League: Platinum
  • Spawn Location: 7:00

VOD

Have the link to the VOD?

Description

Time

  • Played on: Feb. 21, 2021, 8:36 a.m.
  • Length: 16:18
Show
View Real Time Build Order
Export as new Build Order

Saevitium Terran - Winner!

Build Orders: Mech 

Get SALT Encoding   

  12  0:00  SCV  
  13  0:12  SCV  
  14  0:18  Supply Depot  
  14  0:25  SCV  
  15  0:35  Refinery  
  15  0:39  SCV  
  16  0:47  Barracks  
  16  0:51  SCV  
  17  1:03  SCV  
  18  1:19  SCV  
  19  1:33  SCV  
  19  1:35  Reaper  
  21  1:46  Orbital Command  
  21  1:56  Command Center  
  21  2:03  Factory  
  21  2:08  Marine  
  21  2:11  SCV  
  23  2:26  Barracks Reactor  
  23  2:27  Supply Depot  
  23  2:33  Refinery  
  23  2:48  Factory Tech Lab, SCV  
  24  3:00  Starport, SCV  
  24  3:02  Marine  
  24  3:03  Marine  
  27  3:13  SCV  
  27  3:16  Orbital Command  
  28  3:23  Siege Tank  
  28  3:25  SCV  
  28  3:26  Marine  
  33  3:29  Marine  
  34  3:37  SCV  
  34  3:38  Viking  
  37  3:43  SCV  
  37  3:44  Marine  
  37  3:46  Marine  
  40  3:49  SCV  
  40  3:51  Supply Depot  
  41  3:55  SCV  
  41  4:00  Supply Depot  
  41  4:02  SCV  
  43  4:05  Marine  
  43  4:06  Engineering Bay  
  43  4:08  SCV  
  45  4:15  Factory Tech Lab  
  47  4:18  Raven  
  47  4:19  SCV  
  47  4:20  SCV  
  49  4:31  SCV  
  49  4:32  SCV  
  49  4:36  Marine x2  
  51  4:43  SCV  
  51  4:44  SCV  
  52  4:56  Marine  
  52  4:57  Marine, Siege Tank  
  57  5:05  Refinery x2  
  57  5:07  Command Center  
  57  5:08  SCV  
  58  5:17  SCV  
  58  5:20  SCV  
  58  5:21  Marine x2  
  60  5:27  Missile Turret x2  
  62  5:29  Missile Turret x2  
  62  5:31  Missile Turret  
  62  5:50  SCV x2, Raven, Siege Tank  
  69  6:02  Marine  
  70  6:07  Armory x2  
  70  6:18  SCV x2, Marine  
  73  6:27  Siege Tank  
  73  6:31  SCV x2  
  78  6:40  Factory  
  78  6:41  Factory  
  78  6:43  SCV x2  
  78  6:47  Factory  
  81  6:54  Barracks Tech Lab, Orbital Command  
  81  6:55  SCV x2  
  82  7:04  Terran Vehicle Weapons Level 1  
  82  7:07  SCV x2  
  82  7:08  Sensor Tower  
  83  7:16  Missile Turret  
  83  7:17  Missile Turret  
  83  7:19  Refinery, SCV  
  83  7:21  Refinery  
  80  7:51  Marine  
  80  7:53  Siege Tank  
  84  7:59  Terran Vehicle And Ship Armor Level 1  
  84  8:07  Command Center  
  84  8:12  Missile Turret x3  
  85  8:13  Missile Turret  
  85  8:15  Missile Turret  
  85  8:19  Hellion x2, Missile Turret  
  91  8:20  Siege Tank  
  91  8:31  Starport Reactor  
  91  8:33  Supply Depot  
  91  8:34  Supply Depot  
  91  8:37  Supply Depot  
  91  8:38  Supply Depot  
  91  8:40  Supply Depot  
  91  8:43  SCV x2  
  93  8:54  SCV, Siege Tank x2  
  93  8:55  SCV, Siege Tank  
  106  8:56  Hellion  
  106  8:59  Hellion  
  106  9:02  SCV  
  109  9:06  SCV  
  109  9:07  SCV  
  111  9:23  Factory  
  110  9:25  Factory  
  110  9:26  Factory, Siege Tank  
  110  9:27  Factory, Siege Tank  
  116  9:32  Hellion x2, Siege Tank  
  116  9:36  SCV x2  
  125  9:40  SCV  
  126  9:48  SCV  
  126  9:49  Infernal Pre-Igniter  
  126  9:51  Viking x2  
  123  10:09  Factory Tech Lab  
  123  10:10  Factory Tech Lab x3  
  123  10:14  Terran Vehicle And Ship Armor Level 2, Terran Vehicle Weapons Level 2  
  123  10:20  Command Center  
  123  10:21  Viking  
  125  10:24  Hellion, Siege Tank x3  
  125  10:25  Hellion  
  138  10:29  Planetary Fortress  
  138  10:49  SCV  
  142  10:50  Thor, Siege Tank  
  148  11:09  Missile Turret  
  148  11:10  Missile Turret x2  
  148  11:14  Missile Turret  
  148  11:16  Command Center  
  148  11:21  Refinery x2  
  148  11:31  Thor x2  
  148  11:32  SCV  
  160  11:41  Refinery  
  160  11:42  Refinery  
  160  11:43  Missile Turret  
  160  11:45  Missile Turret  
  160  11:46  Sensor Tower  
  159  11:49  Missile Turret  
  159  11:51  Missile Turret x2  
  158  12:03  Missile Turret  
  158  12:05  Missile Turret x2  
  158  12:08  Supply Depot  
  158  12:09  Missile Turret  
  158  12:10  Supply Depot  
  158  12:12  Thor x2, Supply Depot x2  
  158  12:13  Orbital Command, Supply Depot  
  158  12:15  Supply Depot  
  170  12:23  Missile Turret  
  170  12:25  Sensor Tower  
  168  12:46  SCV x4  
  168  12:50  Terran Vehicle And Ship Armor Level 3, Terran Vehicle Weapons Level 3  
  173  12:58  SCV x2  
  174  13:30  Thor  
  174  13:31  Thor x3  
  152  13:50  Thor x3  
  158  14:13  Thor  
  158  14:14  Thor, Siege Tank x2  
  171  14:35  Thor x3  
  187  14:46  Siege Tank x2  
  193  14:56  Siege Tank  
Show
View Real Time Build Order
Export as new Build Order

Massa Terran 

Build Orders:  

Get SALT Encoding   

  12  0:00  SCV  
  13  0:12  SCV  
  14  0:18  Supply Depot  
  14  0:24  SCV  
  15  0:40  SCV, Barracks  
  16  0:49  Refinery  
  16  0:52  SCV  
  17  1:04  SCV  
  18  1:16  SCV  
  19  1:30  Orbital Command  
  19  1:41  Command Center  
  19  1:52  Supply Depot  
  19  2:03  SCV  
  20  2:11  Supply Depot  
  20  2:14  Barracks Reactor  
  20  2:15  SCV  
  20  2:21  Factory  
  21  2:27  SCV  
  22  2:40  SCV  
  23  2:50  Marine x2  
  25  2:54  Orbital Command  
  25  2:56  SCV  
  26  3:17  Barracks Tech Lab  
  26  3:21  Hellion x2  
  26  3:24  Starport  
  26  3:25  SCV x2  
  32  3:37  SCV x2  
  32  3:39  Engineering Bay  
  34  3:43  Hellion x2  
  34  3:44  Supply Depot  
  38  3:49  SCV  
  38  3:50  SCV  
  40  4:02  SCV x2, Barracks Tech Lab  
  42  4:04  Hellion x2  
  42  4:05  Refinery  
  42  4:07  Refinery  
  46  4:11  Missile Turret  
  46  4:14  SCV x2  
  48  4:17  Missile Turret  
  48  4:18  Raven  
  42  4:59  Marine x2  
  40  5:00  Siege Tank  
  40  5:02  SCV x2  
  40  5:04  Medivac  
  47  5:10  Barracks  
  47  5:11  Barracks  
  47  5:14  SCV  
  48  5:15  Command Center  
  48  5:16  Marine  
  48  5:17  Marine  
  50  5:22  SCV  
  50  5:26  SCV  
  52  5:30  Missile Turret  
  52  5:34  Refinery, SCV, Marine, Sensor Tower  
  54  5:40  Supply Depot  
  54  5:43  Supply Depot  
  54  5:44  Supply Depot  
  54  5:45  Sensor Tower  
  54  5:49  Terran Infantry Weapons Level 1  
  54  5:58  Barracks Reactor, Barracks Tech Lab  
  54  6:01  SCV, Marine x2, Siege Tank  
  54  6:03  SCV  
  61  6:09  Viking  
  63  6:13  SCV  
  63  6:15  SCV  
  65  6:19  Marine x2  
  67  6:25  SCV  
  67  6:28  SCV  
  67  6:31  Stimpack  
  69  6:33  Marauder  
  69  6:34  Marine  
  69  6:35  Marine  
  69  6:37  Marine  
  74  6:50  Marine  
  74  6:52  Marine x2  
  77  6:54  Marauder, Marine  
  77  6:57  Medivac  
  77  6:58  Siege Tank  
  85  7:07  Marine  
  86  7:16  Marine  
  86  7:17  Marauder, Marine x2  
  91  7:25  Marine  
  90  7:30  Siege Tank  
  92  7:43  Marauder  
  70  8:01  Planetary Fortress  
  70  8:02  SCV  
  70  8:03  SCV  
  70  8:05  Marauder  
  74  8:08  Marine x4  
  78  8:14  SCV  
  78  8:15  SCV  
  78  8:17  Barracks  
  78  8:19  Barracks  
  80  8:21  Barracks x2  
  80  8:23  Missile Turret  
  80  8:24  Siege Tank  
  80  8:25  Marine x2, Medivac  
  80  8:26  SCV, Marauder, Marine x2  
  93  8:27  SCV  
  93  8:31  Sensor Tower  
  93  8:38  Missile Turret  
  93  8:41  Terran Infantry Armor Level 1  
  93  8:43  Command Center  
  93  8:45  Armory  
  93  8:48  Engineering Bay  
  93  8:51  Supply Depot  
  93  8:53  Supply Depot  
  93  8:54  Supply Depot  
  93  9:04  Refinery x2  
  93  9:06  Barracks Tech Lab  
  93  9:07  Barracks Reactor  
  93  9:10  Combat Shield  
  93  9:12  SCV x3, Marauder, Marine, Medivac  
  93  9:15  Marine x3  
  104  9:17  Supply Depot  
  104  9:24  SCV  
  105  9:34  Marauder  
  105  9:38  SCV x3  
  110  9:50  SCV x3  
  113  9:55  Marauder  
  115  10:15  Siege Tank  
  115  10:17  Marauder  
  115  10:19  Raven  
  122  10:31  Terran Infantry Weapons Level 2  
  122  10:33  Terran Vehicle And Ship Armor Level 1  
  122  10:35  Starport  
  122  10:37  SCV x3  
  122  10:42  Starport  
  125  10:48  Sensor Tower  
  128  10:50  SCV x3  
  128  10:51  Barracks Tech Lab  
  128  10:52  Marauder x2  
  128  10:53  Barracks Tech Lab  
  128  10:55  Marine x4  
  136  11:02  SCV x2, Raven  
  140  11:14  Supply Depot x2  
  140  11:17  Supply Depot  
  140  11:19  Planetary Fortress, Supply Depot  
  140  11:21  Sensor Tower  
  140  11:22  Supply Depot  
  140  11:35  Siege Tank  
  140  11:36  Marauder x2  
  140  11:39  Supply Depot x2  
  147  11:41  Supply Depot  
  147  11:44  Raven, Supply Depot  
  147  11:46  Supply Depot  
  149  11:57  Marauder x2  
  149  11:58  Marauder x2  
  157  12:04  Supply Depot  
  157  12:06  SCV x4, Supply Depot  
  161  12:21  Command Center  
  151  12:32  Starport Reactor x2  
  151  12:34  Concussive Shells  
  151  12:46  Command Center  
  151  12:49  Missile Turret  
  151  12:52  Fusion Core  
  151  12:55  Terran Infantry Armor Level 2, Terran Infantry Weapons Level 3  
  151  12:56  Terran Vehicle Weapons Level 1  
  151  13:03  Refinery  
  151  13:04  Refinery  
  151  13:10  Missile Turret  
  151  13:31  Missile Turret  
  151  13:33  Viking x5  
  154  13:52  Missile Turret  
  154  13:55  Marauder x4, Marine x2  
  142  13:56  Marine x4  
  127  14:03  Viking x3  
  127  14:08  Viking x2  
  132  14:16  Marauder  
  132  14:17  Marauder x2  
  122  14:21  Siege Tank  
  111  14:33  Viking x3  
  117  14:38  Raven  
  117  14:48  Corvid Reactor  
  117  14:52  Planetary Fortress  
  115  14:54  Siege Tank  
  115  14:58  Missile Turret  
  106  15:15  Viking x2  
  106  15:16  Viking x2  
  106  15:17  Marauder x3  
  106  15:18  Marauder, Marine x6  
  106  15:20  Missile Turret  
  128  15:21  Raven  
  128  15:26  Siege Tank  
  129  15:35  Marine  
  129  15:36  Marine x4  
  129  15:39  Marauder x4  
  141  15:45  Viking x2  
  141  15:46  Viking x2  
  144  15:54  Marine x2  
  92  16:11  Barracks  
Tags
 
Composition
Mech
Matchup
TvT
Race
Terran
Replay Pack
Multiplayer
Spawn Locations
Cross Positions
Add a new tag
Caveats
  • Supply blocks, unpowered buildings, or Contaminate may cause inaccurate times.
  • Supply counts are checked every 10 seconds.